 Dungeon Crawl Stone Soup version 0.31-a0-1074-g0b22e4e0f1 (webtiles) character file.

Game seed: 7706179873278520538

7772 BigPumpCobain the Cleaver (level 11, 0/99 HPs)
             Began as a Minotaur Fighter on Dec 7, 2023.
             Was a Believer of the Shining One.
             Slain by an orc warlord
             ... wielding a +4 battleaxe
              (12 damage)
             ... in a bailey.
             The game lasted 00:18:25 (9471 turns).

BigPumpCobain the Cleaver (Minotaur Fighter)        Turns: 9471, Time: 00:18:27

Health: 0/99       AC: 12    Str: 25    XL:     11   Next: 1%
Magic:  10/10      EV: 10    Int:  5    God:    the Shining One [**....]
Gold:   646        SH:  8    Dex: 10    Spells: 10/10 levels left

rFire   . . .        a - +2 war axe (venom)
rCold   + . .        c - +2 buckler
rNeg    + . .        b - +0 scale mail
rPois   .            (helmet restricted)
rElec   .            (no cloak)
rCorr   .            A - +2 pair of gloves
SInv    .            (no boots)
Will    .....        (no amulet) Stlth
                     n - ring of protection from cold
HPRegen 0.36/turn    (no ring)
MPRegen 0.12/turn

%: no passive effects
@: glowing
A: horns 2, retaliatory headbutt
a: Renounce Religion, Divine Shield


You were in a bailey.
You worshipped the Shining One.
The Shining One was pleased with you.
You visited 2 branches of the dungeon, and saw 11 of its levels.
You also visited: Sewer and Bailey.

You collected 646 gold pieces.

Inventory:

Hand Weapons
 a - a +2 war axe of venom (weapon)
 e - a +3 spear
 i - a +2 flail of protection
 o - a +2 short sword of holy wrath
Armour
 b - a +0 scale mail (worn)
 c - a +2 buckler (worn)
 A - a +2 pair of gloves (worn)
Jewellery
 f - a ring of magical power
 l - a ring of magical power
 n - a ring of protection from cold (left hand)
Wands
 r - a wand of digging (6)
 t - a wand of iceblast (8)
 F - a wand of charming (8)
 H - a wand of mindburst (3)
Scrolls
 h - a scroll of immolation
 j - 4 scrolls of fear
 m - a scroll of silence
 s - a scroll of amnesia
 v - 2 scrolls of vulnerability
 y - 8 scrolls of teleportation
 B - a scroll of fog
 G - a scroll of poison
 I - a scroll of blinking {unknown}
 J - a scroll of butterflies {unknown}
 K - a scroll of brand weapon
Potions
 d - 2 potions of might
 g - a potion of attraction {unknown}
 k - 2 potions of mutation {unknown}
 p - 2 potions of cancellation {unknown}
 q - 5 potions of lignification {unknown}
 u - 2 potions of heal wounds {unknown}
 w - 8 potions of curing
 x - 4 potions of enlightenment
 z - a potion of ambrosia {unknown}
 C - a potion of brilliance {unknown}
 D - a potion of magic {unknown}
 E - a potion of haste {unknown}


   Skills:
 + Level 9.9 Fighting
 * Level 12.9 Axes
 + Level 9.9 Armour
 + Level 9.8 Shields


You had 10 spell levels left.
You didn't know any spells.
Your spell library contained the following spells:

 Spells                   Type           Power      Damage    Failure   Level
 Ensorcelled Hibernation  Hex/Ice        0%         N/A       88%         2
 Jinxbite                 Hex            0%         N/A       88%         2
 Tukima's Dance           Hex            0%         N/A       98%         3
 Anguish                  Hex/Necr       0%         N/A       100%        4
 Cause Fear               Hex            0%         N/A       100%        4
 Dimensional Bullseye     Hex/Tloc       0%         N/A       100%        4
 Iskenderun's Mystic Bla  Conj/Tloc      0%         2d3       100%        4
 Passage of Golubria      Tloc           0%         N/A       100%        4
 Fireball                 Conj/Fire      0%         3d3       100%        5
 Silence                  Hex/Air        0%         N/A       100%        5
 Lehudib's Crystal Spear  Conj/Erth      0%         10d2      100%        8
 Dragon's Call            Summ           0%         N/A       100%        9


Dungeon Overview and Level Annotations

Branches:
Dungeon (10/15)            Temple (1/1) D:4            Lair (0/5) D:8
  Sewer (visited)          Bailey (1/1)
    Orc: D:9-12

Altars:
Ashenzari
Cheibriados
Dithmenos
Elyvilon
Fedhas
Gozag
Kikubaaqudgha
Makhleb
Nemelex Xobeh
Okawaru
Qazlal
Ru
Sif Muna
Trog
Uskayaw
Vehumet
Wu Jian
Xom
Yredelemnul
Zin
The Shining One

Shops:
D:2 (

Annotations:
D:6 1 runed translucent door


Innate Abilities, Weirdness & Mutations

You have a pair of horns on your head.
You reflexively headbutt those who attack you in melee.


Message History

You barely miss the orc. You barely miss the orc.
The orc is heavily wounded.
You hit the orc warrior but do no damage.
The orc warrior hits you with a +0 war axe!
The orc closely misses you. You furiously retaliate!
You headbutt the orc.
You kill the orc!
You hit the orc warrior but do no damage.
The orc warrior looks as sick as possible!
The orc warrior is moderately wounded.
You slash the orc!
You kill the orc!
You slash the goblin!
You kill the goblin!
You slash the orc warrior!
The orc warrior is poisoned.
The orc warrior hits you with a +0 war axe!!
You slash the orc warrior!
The orc warrior looks as sick as possible!
The orc warrior is almost dead.
You slash the orc warlord!
The orc warlord looks as sick as possible!
The orc warrior hits you but does no damage.
You hit the orc warrior.
You kill the orc warrior!
You hit the orc warlord but do no damage.
You barely miss the orc warrior. You slash the orc warrior!
The orc warrior is poisoned.
The orc warlord hits you with a +4 battleaxe!!
* * * LOW HITPOINT WARNING * * *
You block the orc warrior's attack.
The orc warrior hits you with a +0 war axe!
* * * LOW HITPOINT WARNING * * *
You have reached level 11!
You barely miss the orc warlord.
The orc warlord is lightly wounded.
You slash the orc warrior!
The orc warrior looks as sick as possible!
You barely miss the orc warrior.
The orc warlord hits you with a +4 battleaxe!
You die...

##.......##
#.........#.......#
##.........##.....##
#...........####'##
#.........##.)...##
#.......#.........#..)))..#
##.......##.......##.......##
#.........#...ooo.#.........#
#.........###.)@###.........##
.....⌠.....###'###.....⌠.....#
#.........##88.88##.........##
#.........#.......#.........#
#.....))##.......##.......##
#.....).'........)'.......#
##.....##........)##.....##
#######.....⌠.....#######
##.........##


You could see an orc warlord (extremely poisoned) and 2 orc warriors.

Vanquished Creatures
  A manticore (D:7)
  Joseph (D:10)
  A komodo dragon (D:8)
  Jeremiah (D:6)
  A troll (D:10)
  Grinder (D:4)
  A shadow (D:10)
  9 yaks (D:9)
  A wyvern (D:9)
  A basilisk (D:8)
  A black bear (D:7)
  9 orc warriors
  2 sky beasts (D:7)
  An ogre (D:7)
  4 centaurs
  3 phantoms
  2 kobold brigands
  6 bullfrogs
  A gnoll sergeant (D:6)
  5 scorpions
  3 howler monkeys (D:9)
  5 jellies
  11 orc priests
  6 hounds
  4 sleepcaps
  3 iguanas
  18 orc wizards
  12 gnolls
  7 adders
  A river rat (Sewer)
  A shadow imp (D:8)
  3 white imps
  2 worms (D:3)
  A dart slug (D:2)
  51 orcs
  8 ball pythons
  14 endoplasms
  3 giant cockroaches
  24 goblins
  8 hobgoblins
  A jackal (Sewer)
  21 kobolds
  3 quokkas
  6 bats
  3 frilled lizards
  9 rats
280 creatures vanquished.

Notes
Turn   | Place    | Note
-------+----------+-------------------------------------------
     0 | D:1      | BigPumpCobain the Minotaur Fighter began the quest for the
                  | Orb.
     0 | D:1      | Reached XP level 1. HP: 19/19 MP: 0/0
    44 | D:1      | Reached XP level 2. HP: 23/27 MP: 1/1
   203 | D:1      | Reached skill level 3 in Axes
   576 | D:1      | Reached XP level 3. HP: 33/33 MP: 2/2
  1161 | D:2      | Found Hauced's Antique Weapon Shoppe.
  1197 | D:2      | Found a glowing silver altar of Zin.
  1320 | D:3      | Reached XP level 4. HP: 40/40 MP: 3/3
  1323 | D:3      | Reached skill level 4 in Axes
  1326 | D:3      | Found a basalt altar of Yredelemnul.
  1436 | D:3      | Found a blossoming altar of Fedhas.
  1781 | D:3      | Found a radiant altar of Vehumet.
  1782 | D:3      | Found a stormy altar of Qazlal.
  1784 | D:3      | Found a white marble altar of Elyvilon.
  1784 | D:3      | Found a snail-covered altar of Cheibriados.
  1792 | D:3      | Reached XP level 5. HP: 37/47 MP: 4/4
  2195 | D:4      | Reached skill level 5 in Axes
  2293 | D:4      | Reached skill level 5 in Fighting
  2293 | D:4      | Reached XP level 6. HP: 56/56 MP: 5/5
  2303 | D:4      | Noticed Grinder
  2313 | D:4      | Reached skill level 5 in Shields
  2318 | D:4      | Paralysed by Grinder for 3 turns
  2326 | D:4      | Killed Grinder
  2327 | D:4      | Reached skill level 5 in Armour
  2471 | D:4      | Reached skill level 6 in Axes
  2498 | D:4      | Reached XP level 7. HP: 54/61 MP: 6/6
  2975 | D:4      | Found a staircase to the Ecumenical Temple.
  3210 | Temple   | Entered the Ecumenical Temple
  3237 | Temple   | Became a worshipper of the Shining One
  3295 | D:5      | Entered Level 5 of the Dungeon
  3390 | D:5      | Found a glowing drain.
  3403 | Sewer    | Entered a sewer
  3484 | Sewer    | Reached skill level 7 in Axes
  3581 | Sewer    | Found a white marble altar of Elyvilon.
  3836 | D:5      | Found a sparkling altar of Nemelex Xobeh.
  3848 | D:5      | Reached XP level 8. HP: 68/70 MP: 7/7
  3900 | D:5      | Found a shimmering altar of Xom.
  4419 | D:6      | Reached skill level 8 in Axes
  4568 | D:6      | Noticed Jeremiah
  4663 | D:6      | Killed Jeremiah
  4664 | D:6      | Reached skill level 9 in Axes
  4939 | D:6      | Found an iron altar of Okawaru.
  4939 | D:6      | Found a runed translucent door.
  4947 | D:6      | Found the +0 toga "Victory" {*Victory Clar}
  4993 | D:6      | Reached XP level 9. HP: 74/79 MP: 8/8
  5268 | D:6      | Reached * piety under the Shining One
  5622 | D:7      | Identified the +6 dagger of the Original Sin {heavy, rF+}
  6161 | D:7      | Reached skill level 10 in Axes
  6342 | D:7      | Noticed a manticore
  6354 | D:7      | Killed a manticore
  7004 | D:8      | Reached skill level 11 in Axes
  7128 | D:8      | Noticed a komodo dragon
  7131 | D:8      | Killed a komodo dragon
  7132 | D:8      | Reached XP level 10. HP: 87/90 MP: 9/9
  7141 | D:8      | Found a staircase to the Lair.
  7863 | D:9      | Found a glowing silver altar of Zin.
  7865 | D:9      | Reached ** piety under the Shining One
  7869 | D:9      | Found a broken altar of Ashenzari.
  8218 | D:9      | Reached skill level 12 in Axes
  8675 | D:9      | Identified the +3 leather armour of Valour {rPois rC+}
  8708 | D:9      | Found a bloodstained altar of Trog.
  8816 | D:10     | Entered Level 10 of the Dungeon
  9098 | D:10     | Noticed Joseph
  9100 | D:10     | Found a flagged portal.
  9110 | D:10     | Killed Joseph
  9215 | Bailey   | Entered a bailey
  9462 | Bailey   | Noticed an orc warlord
  9471 | Bailey   | Reached XP level 11. HP: 12/99 MP: 10/10
  9471 | Bailey   | Slain by an orc warlord

Illustrated notes

Levels and vault maps discovered:
D:1:      lemuel_arrival_cross, layout_basic
D:2:      layout_rooms, basic_altar, serial_shops,
          nicolae_shop_getting_attention
D:3:      layout_basic, chequers_temple_overflow_statue_of_worship,
          mainiacjoe_overflow_alcove_1,
          mainiacjoe_overflow_concentric_impassable
D:4:      minmay_razor_zed, layout_cave_pools,
          minmay_temple_entry_statues_pillars, uniq_grinder
D:5:      layout_loops_ring, xom_butterflies, mainiacjoe_overflow_boulevard,
          mainiacjoe_sewer_entry_somewhere_in_here_1
D:6:      layout_basic, nicolae_overflow_guarded_unrand_okawaru_victory,
          serial_co_window_serial, co_window_cross_1, co_window_corner_a,
          co_window_of_opportunity_a, co_window_paths_a, co_window_corner_a,
          co_window_corner_a, co_window_of_opportunity_a, co_window_corner_b,
          co_window_corner_ca, co_window_corner_b, co_window_sun,
          glass_columns_a, uniq_jeremiah
D:7:      layout_cave_pods, grunt_tough_drop
D:8:      layout_loops_cross, david_lair_shrubbed
D:9:      layout_roguey, trog_book, mainiacjoe_overflow_catwalk_spiral,
          serial_curves, eino_curves_03, eino_curves_01
D:10:     layout_roguey, lemuel_tele_altar, david_orc_4, enter_bailey_3,
          chequers_mini_garden, uniq_joseph
Temple:   jpeg_temple_island
Bailey:   bailey_axe_minmay_hex_keep, bailey

Skill      XL: |  1  2  3  4  5  6  7  8  9 10 |
---------------+-------------------------------+-----
Axes           | 3 4 5 6 7 9 11 12 | 12.9
Fighting       | 4 5 6 7 8 9 |  9.9
Shields        | 4 5 6 7 8 9 |  9.8
Armour         | 4 5 6 7 8 9 |  9.9

Action                     |  1- 3 |  4- 6 |  7- 9 | 10-12 || total
---------------------------+-------+-------+-------+-------++-------
  Melee: War axe           |    89 |   101 |   225 |   137 ||   552
         Headbutt          |     7 |    14 |    47 |    30 ||    98
  Evoke: Wand              |       |       |     5 |     5 ||    10
    Use: Scroll            |     4 |     1 |    10 |     4 ||    19
 Armour: Scale mail        |    68 |    61 |   155 |    96 ||   380
  Dodge: Dodged            |    30 |    41 |   104 |    40 ||   215
  Block: Buckler           |    21 |    14 |    60 |    49 ||   144

Table legend: (Time is in decaauts)
 A = Elapsed time spent in this place.
 B = Non-inter-level travel time spent in this place.
 C = Inter-level travel time spent in this place.
 D = Time resting spent in this place.
 E = Time spent auto-exploring this place.
 F = Levels seen in this place.
 G = Mean time per level.
                   A        B        C        D        E       F      G
               +--------+--------+--------+--------+--------+-----+--------+
         Total |   9614 |   9284 |    330 |    374 |   7415 |  13 |  739.5 |
       Dungeon |   9061 |   8784 |    277 |    374 |   7038 |  10 |  906.1 |
        Temple |     53 |      1 |     52 |      0 |      0 |   1 |   53.0 |
         Sewer |    247 |    247 |      0 |      0 |    195 |   1 |  247.0 |
        Bailey |    251 |    251 |      0 |      0 |    182 |   1 |  251.0 |
               +--------+--------+--------+--------+--------+-----+--------+

Top non-repeatable levels by time:
     D:6: 1356 daAuts
     D:7: 1294 daAuts
     D:9: 1247 daAuts
     D:4: 1099 daAuts
     D:1: 894 daAuts
     D:3: 861 daAuts
     D:8: 829 daAuts
     D:5: 629 daAuts
     D:2: 452 daAuts
    D:10: 397 daAuts
  Bailey: 251 daAuts
   Sewer: 247 daAuts
  Temple: 53 daAuts
